AoeStats
← purry999

Glade

510723019Analyzed
1v1 RM · 7h ago on Oct 2, 2026· 47m 6s· 2 players
Game mode
Random Map
Map size
Tiny (2 player)
Population
200
Speed
Normal
Resources
Standard
Victory
Conquest
Starting age
Dark Age
Ending age
Imperial Age
RankedLock teamsTeams togetherTeam positionsShared explorationLock speedFull tech treeHidden civsTurbo modeCheats
Victory
Defeat
🇪🇸 Spanish · Spain
948
+18
🇧🇬 Burgundians · Bulgaria
982
-18
purry999
10:10 Feudal Age
15:07 Castle Age
13:26 Double-Bit Axe
13:57 Horse Collar
16:18 Bow Saw
20:49 Heavy Plow
22:02 Scale Barding Armor
23:14 Stone Mining
24:35 Forging
25:22 Wheelbarrow
26:23 Chain Barding Armor
27:38 Hand Cart
27:57 Fletching
28:44 Iron Casting
28:39 Bloodlines
28:46 Bodkin Arrow
37:27 Imperial Age
35:11 Padded Archer Armor
36:23 Leather Archer Armor
38:32 Guilds
39:26 Conscription
38:39 Cavalier
40:45 Two-Man Saw
39:46 Gold Mining
40:32 Stone Shaft Mining
40:51 Plate Barding Armor
40:46 Town Watch
41:40 Town Patrol
41:28 Loom
Microsoft Edge
4:23 Loom
6:43 Double-Bit Axe
9:21 Wheelbarrow
13:00 Feudal Age
12:29 Gold Mining
17:25 Castle Age
15:59 Stone Mining
17:36 Stone Shaft Mining
18:12 Fletching
24:50 Hand Cart
24:47 Treadmill Crane
25:03 Murder Holes
27:16 Town Watch
29:01 Gold Shaft Mining
29:46 Scale Barding Armor
29:44 Bodkin Arrow
31:21 Ballistics
33:20 Squires
Connection lost

Rejoining the realm…

Still unreachable

The connection could not be restored.

Session expired

The server has moved on; the page needs a fresh start.